Map: Inside and Out

Players

MeomaikA - Winner!

  • Race: Zerg Zerg
  • Spawn Location: 7:00

Bunny

  • Race: Terran Terran
  • Spawn Location: 1:00

Event: DreamHack SC2 Masters 2022 Atlanta (Offline)

VOD

Have the link to the VOD?

Description

Time

  • Played on: Nov. 18, 2022, 8:23 p.m.
  • Length: 11:43

All games in this series

Show
View Real Time Build Order
Export as new Build Order

MeomaikA Zerg - Winner!

Build Orders: Pool First 

Get SALT Encoding   

  12  0:00  Drone  
  13  0:12  Overlord  
  13  0:16  Drone  
  14  0:30  Drone  
  14  0:31  Drone  
  14  0:34  Drone  
  17  0:43  Spawning Pool  
  17  0:46  Drone  
  17  1:07  Hatchery  
  17  1:09  Drone  
  17  1:11  Extractor  
  17  1:15  Drone  
  17  1:18  Drone  
  18  1:29  Queen  
  18  1:31  Zergling x2  
  21  1:38  Drone  
  22  1:48  Overlord  
  22  2:06  Queen  
  22  2:08  Drone  
  25  2:10  Drone  
  25  2:11  Metabolic Boost  
  26  2:19  Drone  
  26  2:21  Drone  
  28  2:27  Queen  
  28  2:29  Drone  
  31  2:32  Drone  
  31  2:36  Drone  
  33  2:38  Drone x2  
  33  2:40  Drone  
  36  2:44  Overlord  
  36  3:00  Hatchery  
  35  3:07  Lair  
  35  3:10  Drone x2  
  35  3:12  Drone  
  38  3:15  Drone, Extractor x2  
  38  3:18  Drone  
  38  3:21  Drone  
  38  3:22  Drone  
  38  3:26  Drone  
  38  3:27  Drone  
  42  3:35  Drone x2, Overlord  
  42  3:39  Overlord  
  44  3:51  Overlord  
  44  3:56  Zergling x4  
  44  3:57  Zergling x2  
  44  3:58  Drone  
  44  4:02  Zergling x4  
  50  4:06  Zergling x2  
  50  4:07  Zergling x2  
  50  4:08  Overlord  
  50  4:09  Zergling x2  
  53  4:13  Spire  
  53  4:16  Drone x2  
  53  4:24  Drone x2, Spine Crawler  
  52  4:27  Drone  
  52  4:28  Drone  
  52  4:30  Drone  
  56  4:43  Overlord  
  56  4:44  Drone x2  
  58  4:47  Zergling x8  
  58  4:48  Zergling x4  
  61  4:53  Zergling x2  
  61  4:54  Spine Crawler  
  61  4:55  Zergling x2  
  61  4:56  Zergling x2  
  61  4:58  Zergling x2  
  61  4:59  Zergling x2  
  65  5:30  Mutalisk x8  
  65  5:32  Zergling x12  
  87  5:40  Mutalisk  
  87  5:41  Zergling x2  
  87  5:42  Overlord x2  
  90  5:57  Overlord  
  90  6:00  Zergling x6  
  90  6:01  Zergling x6  
  90  6:03  Mutalisk  
  98  6:06  Mutalisk  
  98  6:09  Zergling x12  
  98  6:10  Zergling x2  
  106  6:16  Zergling x2  
  106  6:17  Mutalisk  
  109  6:19  Zergling x2  
  110  6:26  Overlord  
  110  6:28  Zergling x6  
  110  6:29  Zergling x2  
  114  6:35  Overlord  
  114  6:36  Overlord  
  114  6:37  Zerg Flyer Weapons Level 1  
  114  6:44  Zergling x2  
  114  6:45  Zergling x2  
  110  6:47  Zergling x2  
  110  6:48  Zergling x2  
  101  6:54  Zergling x2  
  101  6:55  Zergling x6  
  101  7:00  Zergling x2  
  101  7:01  Zergling x4  
  88  7:02  Zergling x4  
  88  7:07  Mutalisk  
  88  7:08  Mutalisk x2  
  92  7:09  Zergling x2  
  92  7:11  Zergling x2  
  92  7:13  Zergling x2  
  99  7:19  Zergling x2, Mutalisk  
  99  7:22  Zergling x4  
  102  7:26  Drone  
  102  7:27  Zergling x2  
  104  7:32  Zergling x2  
  104  7:34  Mutalisk  
  107  7:39  Drone x6  
  107  7:40  Drone  
  114  7:44  Extractor  
  114  7:47  Drone x2, Hatchery  
  114  7:48  Baneling Nest  
  114  7:49  Mutalisk  
  115  7:59  Zergling x10  
  115  8:02  Zergling x2  
  121  8:06  Overlord  
  121  8:07  Drone  
  121  8:08  Drone x2  
  125  8:16  Zergling x8  
  125  8:18  Overlord  
  128  8:20  Zergling x2  
  128  8:26  Mutalisk  
  131  8:27  Overlord  
  131  8:28  Overlord  
  131  8:29  Drone x2  
  131  8:32  Zergling x2  
  128  8:35  Zergling x4  
  128  8:36  Zergling x4  
  128  8:38  Zergling x2  
  128  8:39  Zergling x4  
  128  8:40  Zergling x2  
  130  8:44  Mutalisk  
  130  8:45  Mutalisk  
  130  8:47  Centrifugal Hooks  
  134  8:49  Mutalisk  
  134  8:50  Evolution Chamber  
  134  8:52  Overseer  
  134  8:55  Zergling x2  
  136  8:56  Zergling x4  
  136  8:57  Drone x2  
  140  9:04  Zergling x2  
  140  9:06  Mutalisk x2  
  140  9:08  Zergling x4  
  140  9:09  Zergling x2  
  147  9:16  Zergling x4, Baneling x4  
  149  9:21  Zergling x2  
  151  9:24  Zergling x6  
  151  9:27  Baneling  
  151  9:28  Baneling x4  
  151  9:29  Zergling x4  
  151  9:30  Zergling x2  
  156  9:38  Zerg Melee Weapons Level 1, Overlord x2  
  150  9:47  Mutalisk  
  150  9:48  Zergling x2, Overlord  
  150  9:51  Hatchery  
  151  9:55  Zergling x4, Overlord  
  153  10:01  Zergling x2  
  148  10:08  Zergling x12  
  148  10:10  Mutalisk  
  148  10:13  Baneling x2  
  148  10:14  Baneling x6  
  154  10:20  Overseer  
  154  10:22  Zergling x4  
  154  10:27  Zergling x2  
  154  10:28  Zergling x4  
  159  10:32  Baneling  
  159  10:33  Baneling x5, Drone  
  159  10:35  Zergling x2, Extractor  
  160  10:39  Zergling x2  
  161  10:47  Overlord  
  161  10:54  Baneling  
  161  10:55  Baneling x8  
  161  10:59  Zergling x2  
  161  11:02  Zergling x2  
  161  11:03  Zergling x2  
  162  11:04  Zergling x2  
  162  11:06  Zergling x4  
  157  11:11  Zergling x2  
  157  11:12  Zergling x4  
  157  11:13  Zergling x4  
  157  11:14  Zergling x2  
  157  11:16  Zergling x4  
  157  11:17  Zergling x6  
  138  11:26  Zergling x6  
Show
View Real Time Build Order
Export as new Build Order

Bunny Terran 

Build Orders: Reaper Expand 

Get SALT Encoding   

  12  0:00  SCV  
  13  0:12  SCV  
  14  0:17  Supply Depot  
  14  0:24  SCV  
  15  0:38  SCV  
  15  0:40  Barracks  
  15  0:42  Refinery  
  16  0:50  SCV  
  17  1:03  SCV  
  18  1:15  SCV  
  19  1:26  Reaper  
  19  1:27  Orbital Command  
  20  1:39  Command Center  
  20  1:49  Supply Depot  
  20  1:52  SCV  
  21  1:59  Barracks Reactor  
  21  2:05  SCV  
  21  2:06  Barracks  
  22  2:12  Barracks  
  22  2:17  SCV  
  23  2:29  SCV  
  24  2:35  Marine x2  
  26  2:41  SCV  
  27  2:50  Orbital Command  
  27  2:53  SCV, Marine x2  
  27  2:55  Barracks Tech Lab  
  30  2:59  Refinery, Barracks Tech Lab  
  30  3:05  SCV  
  31  3:11  Marine x2  
  33  3:13  Marine  
  33  3:17  SCV  
  33  3:18  SCV  
  33  3:19  Stimpack, Marine  
  37  3:27  Supply Depot  
  37  3:28  Marine  
  37  3:29  SCV, Marine  
  37  3:30  SCV  
  37  3:31  Marine  
  42  3:37  Marine  
  42  3:39  Combat Shield  
  43  3:41  SCV  
  43  3:42  SCV  
  43  3:46  Marine  
  43  3:47  Marine  
  46  3:49  Marine  
  46  3:50  Supply Depot  
  46  3:53  SCV  
  46  3:54  SCV, Marine  
  50  4:04  Marine x2  
  50  4:06  SCV x2  
  50  4:08  Supply Depot  
  54  4:12  Marine x2  
  54  4:15  Supply Depot  
  56  4:18  SCV x2  
  56  4:19  Factory  
  56  4:22  Marine x2  
  60  4:29  Marine  
  60  4:30  Marine  
  61  4:31  Supply Depot  
  61  4:32  SCV  
  61  4:33  SCV  
  63  4:40  Marine x2  
  63  4:42  Engineering Bay  
  63  4:43  Refinery  
  63  4:44  SCV  
  63  4:45  SCV  
  67  4:46  Supply Depot  
  67  4:50  Marine x2  
  65  4:56  SCV  
  65  4:57  SCV, Marine  
  65  4:58  Marine  
  69  5:05  Starport  
  69  5:06  Barracks  
  69  5:07  Barracks  
  69  5:08  Factory Reactor  
  69  5:11  Terran Infantry Weapons Level 1  
  69  5:13  Marine  
  70  5:14  Marine  
  70  5:16  Marine  
  72  5:24  SCV x2  
  74  5:29  Marine  
  74  5:31  Marine  
  74  5:32  Marine  
  74  5:35  Supply Depot, Refinery  
  77  5:37  SCV  
  77  5:38  SCV  
  77  5:41  Marine  
  80  5:47  Marine  
  80  5:48  Marine  
  82  5:50  Marine  
  82  5:51  Factory Reactor  
  82  5:54  Marine x2  
  82  5:56  Supply Depot  
  87  5:59  Marine  
  86  6:04  Supply Depot  
  86  6:05  Marine  
  86  6:06  Marine  
  86  6:08  Marine  
  89  6:12  Missile Turret x2, Medivac  
  89  6:13  Medivac  
  89  6:15  Barracks Reactor  
  89  6:16  Barracks Reactor  
  89  6:17  Marine  
  94  6:23  Marine  
  94  6:24  Marine  
  94  6:25  Missile Turret, Marine  
  96  6:28  Widow Mine x2  
  100  6:34  Barracks Reactor  
  100  6:35  Marine  
  101  6:40  Marine  
  101  6:42  Medivac, Marine  
  101  6:43  Medivac, Marine  
  103  6:52  Marine  
  91  6:58  Marine  
  91  7:00  Marine x2  
  91  7:01  Marine x2  
  78  7:06  Widow Mine  
  81  7:09  Terran Infantry Armor Level 1  
  81  7:10  Marine  
  81  7:11  Marine x2  
  84  7:16  Marine  
  84  7:17  Marine  
  84  7:18  Marine x2  
  84  7:21  Widow Mine  
  84  7:22  Medivac x2, Marine  
  93  7:28  Armory, Marine x2  
  93  7:29  Marine  
  97  7:35  Widow Mine, Marine x2  
  97  7:36  Marine x2  
  101  7:45  Widow Mine  
  101  7:51  Marine  
  104  7:52  Medivac x2  
  104  7:53  Marine x5  
  104  7:54  Supply Depot  
  104  7:55  Supply Depot  
  113  8:06  Marine x2  
  113  8:09  Widow Mine, Marine  
  118  8:16  Widow Mine, Marauder x2, Marine x3  
  125  8:22  Medivac  
  125  8:23  Medivac, Marine  
  125  8:25  Marine  
  125  8:26  Marine  
  128  8:33  Marine x3  
  129  8:37  Marine x2  
  114  8:41  Widow Mine, Marine  
  114  8:42  Widow Mine  
  114  8:43  Marine  
  114  8:44  Marine  
  115  8:51  Marine x3  
  115  8:55  Marine x2  
  120  8:56  Command Center  
  120  8:59  Marine  
  120  9:00  Medivac  
  120  9:01  Marine  
  119  9:11  Widow Mine x2, Marine  
  119  9:12  Marine x3  
  127  9:17  Supply Depot  
  127  9:23  Supply Depot  
  123  9:25  Marine x3  
  126  9:39  Medivac, Marine  
  126  9:41  Marine x2  
  128  9:46  Medivac  
  128  9:50  Marine x2  
  122  10:08  Marine x4  
  122  10:13  Widow Mine x2  
  129  10:15  Medivac  
  129  10:16  Medivac  
  129  10:17  Marine x2  
  129  10:18  Marine  
  136  10:30  Marauder  
  142  10:35  Widow Mine x2  
  142  10:36  Marauder  
  142  10:41  Orbital Command  
  142  10:45  Marine x2  
  144  10:52  Marauder, Marine  
  144  10:53  Marine x2  
  149  11:00  Marine x2  
  149  11:02  Marine  
  149  11:03  Marine  
  148  11:06  Widow Mine x2  
  148  11:10  Marine x3  
  140  11:12  Marine  
  140  11:18  Marine x2  
  117  11:20  Marine  
  117  11:21  Marine  
Tags
 
Add a new tag
Caveats
  • Supply blocks, unpowered buildings, or Contaminate may cause inaccurate times.
  • Supply counts are checked every 10 seconds.